 Dungeon Crawl Stone Soup version 0.13.1-2-gfb2c2b7 (webtiles) character file.

7071 Kae the Covert (level 10, -12/44 HPs)
             Began as a Spriggan Enchanter on Dec 9, 2013.
             Was a Follower of Vehumet.
             Mangled by xqwzts' ghost (37 damage)
             ... on Level 10 of the Dungeon.
             The game lasted 00:27:43 (9541 turns).

Kae the Covert (Spriggan Enchanter)                 Turns: 9541, Time: 00:27:43

HP -12/44        AC  3     Str  7      XL: 10   Next: 70%
MP  20/28        EV 17     Int 18      God: Vehumet [*.....]
Gold 529         SH 10     Dex 16      Spells:  4 memorised, 12 levels left

Res.Fire  : . . .   See Invis. : +   a - +2 dagger {=f}
Res.Cold  : . . .   Warding    : +   b - +1 robe
Life Prot.: + . .   Conserve   : .   G - +0 buckler
Res.Poison: .       Res.Corr.  : .   (helmet restricted)
Res.Elec. : .       Clarity    : .   (no cloak)
Sust.Abil.: . .     Spirit.Shd : .   (gloves unavailable)
Res.Mut.  : .       Stasis     : .   (boots unavailable)
Res.Rott. : .       Flight     : .   s - amulet of warding
Saprovore : . . .                    (no ring)
                                     L - ring of invisibility

@: burdened, very quick, very resistant to hostile enchantments, quite stealthy
A: unfitting armour, see invisible, herbivore 3, speed 3, magic resistance 1,
slow metabolism 2
a: Renounce Religion, Evoke Invisibility


You were on level 10 of the Dungeon.
You worshipped Vehumet.
Vehumet was aware of your devotion.
You were encumbered.
You were very hungry.

You visited 1 branch of the dungeon, and saw 10 of its levels.

You collected 509 gold pieces.

Inventory:

Hand weapons
 a - a +2,+2 dagger (weapon) {=f}
Missiles
 d - 96 darts (quivered)
 h - 4 exploding darts
Armour
 b - a +1 robe (worn)
 G - a +0 buckler (worn)
Magical devices
 i - a wand of digging (12)
 j - a wand of heal wounds (4)
 p - a wand of slowing (14)
 I - a wand of paralysis (20)
 N - a wand of lightning (6)
Comestibles
 m - a pear
 u - 8 cheeses
 v - a choko
 w - an apple
 z - 8 bread rations
Scrolls
 g - a scroll of fear
 r - 2 scrolls of remove curse
 t - a scroll of magic mapping
 y - a scroll of fog
 J - a scroll of immolation
Jewellery
 e - an uncursed amulet of stasis
 s - an amulet of warding (around neck)
 L - a ring of invisibility (left hand)
Potions
 f - a potion of restore abilities
 k - a potion of invisibility
 l - 2 potions of heal wounds
 o - 6 potions of curing
 A - 2 potions of might
 D - 3 potions of speed
Books
 c - a book of Maledictions

   Spells                             Type                      Level
   *Corona                            Hexes                        1
   Sure Blade                         Hexes/Charms                 2
   *Ensorcelled Hibernation           Hexes/Ice                    2
   *Confuse                           Hexes                        3
   Enslavement                        Hexes                        4
   *Invisibility                      Hexes                        6
 F - a book of Geomancy

   Spells                             Type                      Level
   Sandblast                          Earth                        1
   Stoneskin                          Transmutation/Earth          2
   Passwall                           Transmutation/Earth          3
   Stone Arrow                        Conjuration/Earth            3
   Petrify                            Transmutation/Earth          4
   Lee's Rapid Deconstruction         Earth                        5


   Skills:
 * Level 10.1 Short Blades
 - Level 1.1 Throwing
 - Level 3.0 Dodging
 * Level 14.3 Stealth
 + Level 7.7 Spellcasting
 + Level 9.3 Hexes


You had 12 spell levels left.
You knew the following spells:

 Your Spells              Type           Power        Failure   Level  Hunger
a - Corona                Hex            #####..      1%          1    None
b - Ensorcelled Hibernat  Hex/Ice        ###...       2%          2    None
c - Confuse               Hex            #####...     1%          3    #......
d - Invisibility          Hex            #####...     43%         6    ######.


Dungeon Overview and Level Annotations

Branches:
Dungeon (10/27)            Temple (0/1) D:7             Orc (0/4) D:7
   Lair: D:8-13

Altars:
Ashenzari
Cheibriados
Elyvilon
Makhleb
Nemelex Xobeh
Okawaru
Sif Muna
Trog
Vehumet

Shops:
D:6 ((%   D:7 (   D:9 }

Annotations:
D:10 xqwzts' ghost, powerful MiFi


Innate Abilities, Weirdness & Mutations

You are tiny and cannot use many weapons and most armour.
You have supernaturally acute eyesight.
You are a herbivore.
You cover ground extremely quickly.
You need consume almost no food.
You are resistant to hostile enchantments.


Message History

You hit xqwzts' ghost but do no damage.
Xqwzts' ghost is heavily damaged.
You hit xqwzts' ghost but do no damage.
Xqwzts' ghost is heavily damaged.
You hit xqwzts' ghost but do no damage.
Xqwzts' ghost is heavily damaged.
You block xqwzts' ghost's attack.
Your shield prevents you from hitting xqwzts' ghost.
Xqwzts' ghost is heavily damaged.
Xqwzts' ghost seems less confused.
Xqwzts' ghost hits you!
You hit xqwzts' ghost but do no damage.
Xqwzts' ghost is heavily damaged.
Casting: Confuse
Confirm with . or Enter, or press ? or * to list all spells.
Aiming: Confuse
Press: ? - help, Shift-Dir - straight line, f/p - xqwzts' ghost
Aim: xqwzts' ghost (heavily damaged) Xqwzts' ghost resists.
Xqwzts' ghost hits you!
Ouch! That really hurt!
You die...

#........# # #......%.# #
#...>....# # #.####...# #
#.#..#...# # #.#..#...# #
#.#..'...########
#########.####)..........
........@.......(........
.......p.................
########################


You could see xqwzts' ghost.

Vanquished Creatures
  A hill giant (D:10)
  Pikel (D:8)
  Joseph (D:8)
  A komodo dragon (D:10)
  A troll (D:9)
  Prince Ribbit (D:6)
  A yak (D:7)
  A hog (D:7)
  A manticore (D:8)
  The ghost of Fv001 the Ducker, an average GrWn (D:3)
  2 sky beasts (D:8)
  An ice beast (D:9)
  4 phantoms
  6 orc warriors
  6 ogres
  4 slaves (D:8)
  A human (D:7)
  3 centaurs
  Blork the orc (D:8)
  3 giant frogs
  A gnoll sergeant (D:8)
  An eye of draining (D:8)
  12 wights
  A giant frog zombie (D:6)
  4 crimson imps
  5 hounds
  A jelly (D:6)
  5 orc wizards
  2 giant frog skeletons (D:5)
  A two-headed ogre zombie (D:8)
  An orc priest (D:4)
  5 scorpions
  3 worker ants
  3 iguanas
  Ijyb (D:2)
  2 sheep (D:7)
  A hound zombie (D:6)
  Terence (D:2)
  4 gnolls
  7 adders
  4 worms
  An adder skeleton (D:5)
  A giant eyeball (D:6)
  7 giant geckos
  An ooze (D:7)
  25 orcs
  2 ball pythons (D:2)
  10 bats
  13 hobgoblins
  4 jackals (D:4)
  4 quokkas
  A ball python skeleton (D:4)
  8 giant cockroaches
  A giant gecko skeleton (D:7)
  3 giant newts
  11 goblins
  8 kobolds
  A kobold skeleton (D:5)
  2 orc zombies
  17 rats
  A rat skeleton (D:4)
227 creatures vanquished.

Vanquished Creatures (others)
  A gnoll (D:8)
  A giant newt (D:1)
  A kobold skeleton (D:8)
3 creatures vanquished.

Grand Total: 230 creatures vanquished

Notes
Turn   | Place    | Note
--------------------------------------------------------------
     0 | D:1      | Kae, the Spriggan Enchanter, began the quest for the Orb.
     0 | D:1      | Reached XP level 1. HP: 9/9 MP: 4/4
   278 | D:1      | Reached XP level 2. HP: 11/13 MP: 6/6
   319 | D:1      | Learned a level 2 spell: Ensorcelled Hibernation
   388 | D:1      | Reached skill level 4 in Hexes
   690 | D:2      | Noticed Terence
   716 | D:2      | Killed Terence
   716 | D:2      | Reached XP level 3. HP: 16/16 MP: 0/9
   945 | D:2      | Noticed Ijyb
   984 | D:2      | Killed Ijyb
  1050 | D:2      | Reached XP level 4. HP: 21/21 MP: 3/11
  1483 | D:3      | Found a snail-covered altar of Cheibriados.
  1499 | D:3      | Noticed an ogre
  1517 | D:3      | Killed an ogre
  1517 | D:3      | Reached skill level 5 in Stealth
  1517 | D:3      | Reached XP level 5. HP: 24/24 MP: 12/15
  1611 | D:3      | Found an iron altar of Okawaru.
  1680 | D:3      | Noticed Fv001's ghost (average GrWn)
  1687 | D:3      | Learned a level 3 spell: Confuse
  1698 | D:3      | Killed Fv001's ghost
  1698 | D:3      | Reached skill level 6 in Stealth
  1698 | D:3      | Reached skill level 5 in Hexes
  1698 | D:3      | Reached XP level 6. HP: 19/28 MP: 15/18
  2125 | D:3      | Found a deep blue altar of Sif Muna.
  2794 | D:4      | Reached skill level 7 in Stealth
  2794 | D:4      | Reached XP level 7. HP: 11/32 MP: 15/20
  3091 | D:4      | Reached skill level 5 in Short Blades
  3597 | D:5      | Entered Level 5 of the Dungeon
  3716 | D:5      | Reached skill level 8 in Stealth
  3928 | D:5      | Found a burning altar of Makhleb.
  3928 | D:5      | Noticed a cacodemon
  4704 | D:6      | Found Pnant's Food Shop.
  4733 | D:6      | Reached skill level 9 in Stealth
  4733 | D:6      | Reached XP level 8. HP: 33/36 MP: 23/23
  4922 | D:6      | Found Mnonuap's Weapon Shoppe.
  5003 | D:6      | Found a bloodstained altar of Trog.
  5019 | D:6      | Found Saho's Weapon Shop.
  5021 | D:6      | Noticed Prince Ribbit
  5024 | D:6      | Killed Prince Ribbit
  5024 | D:6      | Reached skill level 5 in Spellcasting
  5067 | D:6      | Reached skill level 10 in Stealth
  5311 | D:6      | Paralysed by you for 5 turns
  5875 | D:7      | Found a sparkling altar of Nemelex Xobeh.
  5918 | D:7      | Found a radiant altar of Vehumet.
  6207 | D:7      | Became a worshipper of Vehumet
  6347 | D:7      | Found a staircase to the Orcish Mines.
  6349 | D:7      | Found Caorche's Weapon Shop.
  6359 | D:7      | Reached XP level 9. HP: 34/39 MP: 18/25
  6370 | D:7      | Reached skill level 11 in Stealth
  6455 | D:7      | Found a shattered altar of Ashenzari.
  6703 | D:7      | Found a staircase to the Ecumenical Temple.
  6851 | D:7      | Reached skill level 12 in Stealth
  7346 | D:7      | Found a white marble altar of Elyvilon.
  7529 | D:8      | Learned a level 6 spell: Invisibility
  7534 | D:8      | Noticed Pikel
  7548 | D:8      | Killed Pikel
  7607 | D:8      | Acquired Vehumet's first power
  7607 | D:8      | Offered knowledge of Sting by Vehumet.
  7820 | D:8      | Noticed Joseph
  7822 | D:8      | Reached XP level 10. HP: 40/44 MP: 23/28
  8304 | D:8      | Killed Joseph
  8304 | D:8      | Reached skill level 13 in Stealth
  8786 | D:8      | Noticed Blork the orc
  8793 | D:8      | Killed Blork the orc
  9225 | D:9      | Found Churutoato's Gadget Shoppe.
  9396 | D:10     | Entered Level 10 of the Dungeon
  9412 | D:10     | Gained mutation: You can spit poison. [potion of mutation]
  9412 | D:10     | Gained mutation: You are partially covered in rough black scales (AC +4, Dex -1). [potion of mutation]
  9412 | D:10     | Gained mutation: You are agile. (Dex +2) [potion of mutation]
  9413 | D:10     | Lost mutation: You are partially covered in rough black scales (AC +4, Dex -1). [potion of cure mutation]
  9413 | D:10     | Lost mutation: You are agile. (Dex +2) [potion of cure mutation]
  9413 | D:10     | Lost mutation: You can spit poison. [potion of cure mutation]
  9414 | D:10     | Gained mutation: You are resistant to hostile enchantments. [potion of beneficial mutation]
  9434 | D:10     | Noticed a hill giant
  9434 | D:10     | Noticed xqwzts' ghost (powerful MiFi)
  9507 | D:10     | Killed a hill giant
  9507 | D:10     | Reached skill level 10 in Short Blades
  9507 | D:10     | Reached skill level 14 in Stealth
  9541 | D:10     | Mangled by xqwzts' ghost

Action                   |  1- 3 |  4- 6 |  7- 9 | 10-12 || total
-------------------------+-------+-------+-------+-------++-------
Melee: Dagger            |   108 |   155 |   342 |    62 ||   667
Throw: Dart              |       |     4 |       |       ||     4
 Cast: Corona            |     9 |     1 |       |       ||    10
       Ensorcelled Hiber |     8 |    31 |    94 |    42 ||   175
       Confuse           |       |     4 |    20 |     5 ||    29
 Abil: Evoke Invisibilit |       |       |     2 |       ||     2
Evoke: Wand              |       |       |     6 |     2 ||     8
  Use: Potion            |       |     1 |     1 |     9 ||    11
       Scroll            |       |       |    14 |    11 ||    25
 Stab: Sleeping          |    12 |    24 |    70 |    39 ||   145
       Confused          |       |     3 |    12 |     5 ||    20
       Distracted        |       |     2 |     3 |       ||     5
       Invisible         |       |       |     5 |       ||     5
